[Event "Early-Titled-Tuesday-Blitz-April-23-2024"]
[Site "Chess.com"]
[Date "2024.04.23"]
[Round "2"]
[White "Maxfan2008"]
[Black "SchmakAttack"]
[Result "1-0"]
[WhiteElo "2589"]
[BlackElo "2822"]
[TimeControl "180+1"]
[EndTime "8:17:55 PDT"]
[Termination "Maxfan2008 won by resignation"]

1. e4 e5 2. Nf3 Nc6 3. Bb5 a6 4. Ba4 Nf6 5. O-O Bc5 6. c3 b5 7.
Bc2 d5 8. d4 dxe4 9. Nxe5 Nxe5 10. dxe5 Qxd1 11. Rxd1 Ng4 12. Bxe4 Nxf2 13. Bxa8 Nxd1+ 14. Kf1 Nf2 15. Nd2 Bf5 16. Nb3 Bb6 17. Nd4 Bxd4 18. cxd4 Be4 19. Kxf2 Bxa8 20. Bg5 Kd7 21. Rc1 Bd5 22. b3 f6 23. exf6 gxf6 24. Bf4 c6 25. g3 h5 26. Bd2 h4 27. Re1 hxg3+ 28. Kxg3 Rg8+ 29. Kf4 Rg2 30. Bb4 Rxh2 31. Re7+ Kc8 32.
Ba5 Rxa2 33. b4 Rf2+ 34. Kg3 Rd2 35. Kf4 Rxd4+ 36. Kf5 Bc4 37. Re8+ Kd7 38. Rd8+ 1-0

[Event "Early-Titled-Tuesday-Blitz-April-23-2024"]
[Site "Chess.com"]
[Date "2024.04.23"]
[Round "2"]
[White "CrazyMartian"]
[Black "Mikhail_Golubev"]
[Result "0-1"]
[WhiteElo "2358"]
[BlackElo "2609"]
[TimeControl "180+1"]
[EndTime "8:17:55 PDT"]
[Termination "Mikhail_Golubev won on time"]

1. d4 Nf6 2. c4 d6 3. Nc3 g6 4.
e4 Bg7 5. Nf3 O-O 6. Be2 e5 7.
O-O h6 8. Re1 Nbd7 9. Qc2 Re8 10. d5 a5 11. a3 Nc5 12. b3 a4 13. b4 Nb3 14. Ra2 Nd4 15. Qd1 Nxe2+ 16. Raxe2 Bd7 17. h3 Nh5 18. b5 Nf4 19. Bxf4 exf4 20. e5 Bf5 21. Qd2 dxe5 22. Nxe5 Qd6 23. Qxf4 Qxa3 24. Nb1 Qb4 25. Kh2 Bxb1 26. Qxf7+ Kh7 27. Re4 Bxe4 28. Rxe4 Qd6 29. f4 a3 30. c5 Qf6 31. Qxc7 a2 32.
Ng4 Qf8 33. f5 Qxf5 0-1

[Event "Early-Titled-Tuesday-Blitz-April-23-2024"]
[Site "Chess.com"]
[Date "2024.04.23"]
[Round "2"]
[White "starworld123"]
[Black "Bykov_Egor"]
[Result "0-1"]
[WhiteElo "2853"]
[BlackElo "2616"]
[TimeControl "180+1"]
[EndTime "8:17:56 PDT"]
[Termination "Bykov_Egor won by resignation"]

1. Nf3 Nf6 2. e3 g6 3. b3 Bg7 4. Bb2 d6 5. d4 O-O 6. Be2 Nbd7 7. Nbd2 c5 8. O-O Re8 9. Re1 Rb8 10. c4 a6 11. a4 cxd4 12. exd4 e5 13. Bd3 exd4 14. Bxd4 Ne5 15. Bc2 Bg4 16. Re3 Nxf3+ 17. Nxf3 Rxe3 18.
Bxe3 d5 19. h3 Bxf3 20. Qxf3 dxc4 21. bxc4 Nd7 22. Rd1 Qc7 23. Qd5 Nb6 24. Qa5 Qxc4 25. Rd2 Bc3 26. Qxb6 Bxd2 27. Qd6 Rc8 28. Bxd2 Qxc2 29.
Bh6 Qc3 30. Be3 b5 31. Bd4 Qc1+ 32. Kh2 Qc7 33. Qxc7 Rxc7 34. axb5 axb5 35. Kg3 b4 36. Kf3 b3 37. Ke3 Rc6 38. Kd3 Rd6 0-1

[Event "Early-Titled-Tuesday-Blitz-April-23-2024"]
[Site "Chess.com"]
[Date "2024.04.23"]
[Round "2"]
[White "average_trans"]
[Black "AlexPapasimakopoulos"]
[Result "1-0"]
[WhiteElo "2250"]
[BlackElo "2666"]
[TimeControl "180+1"]
[EndTime "8:17:56 PDT"]
[Termination "average_trans won by resignation"]

1. d4 Nf6 2. Bf4 e6 3. e3 c5 4. c3 Nc6 5. h3 d5 6. Bb5 Bd6 7. Ne2 O-O 8. O-O h6 9. Nd2 a6 10. Ba4 b5 11. Bc2 Bb7 12. a4 b4 13.
Bxd6 Qxd6 14. dxc5 Qxc5 15. Nb3 Qe7 16. Nbd4 a5 17. Nxc6 Bxc6 18. Nd4 Bd7 19. Qe2 Rfc8 20. cxb4 Qxb4 21. Bd3 Rab8 22. Bb5 Qd6 23. Rfc1 e5 24. Bxd7 Rxc1+ 25. Rxc1 exd4 26. Bb5 dxe3 27. Qxe3 d4 28. Qd2 Ne4 29. Qd3 Nc5 30. Qc4 Ne6 31. Rd1 Rd8 32.
Qc2 Nf4 33. Qd2 h5 34. Qxa5 d3 35. Qd2 h4 36. b3 Qd4 37. Bc4 Qe5 38. Qe3 Qg5 39.
Qf3 d2 40. a5 Rd7 41. a6 g6 42. Qg4 Qf6 43. Qxd7 Qe5 44. Qxd2 Qe4 45. Bf1 Kh7 46. a7 g5 47. Bd3 1-0

[Event "Early-Titled-Tuesday-Blitz-April-23-2024"]
[Site "Chess.com"]
[Date "2024.04.23"]
[Round "2"]
[White "Andrey_Klymchuk"]
[Black "conformalfunction"]
[Result "1-0"]
[WhiteElo "2685"]
[BlackElo "2401"]
[TimeControl "180+1"]
[EndTime "8:17:56 PDT"]
[Termination "Andrey_Klymchuk won by resignation"]

1. e4 e6 2. d4 d5 3. Nd2 Nf6 4.
e5 Nfd7 5. c3 c5 6. f4 Nc6 7.
Ndf3 Qb6 8. h4 Be7 9. a3 f6 10. Bd3 f5 11. Ne2 Nd8 12. b4 c4 13.
Bc2 a5 14. Bd2 Nf7 15. Ng5 Nh6 16. bxa5 Rxa5 17. Rb1 Qc6 18. a4 O-O 19. Rb5 Rxb5 20. axb5 Qb6 21. Qa1 Ng4 22. Nf3 Qxb5 23. O-O Nb8 24.
Rb1 Qa6 25. Qb2 Nc6 26. Ng5 h6 27. Nf3 Bd8 28. Bc1 Rf7 29. h5 Rd7 30. Nh2 Nxh2 31.
Kxh2 Na7 32. g4 fxg4 33. Bg6 Nc6 34. Ng3 Re7 35. Qe2 Bd7 36. Qxg4 Be8 37. f5 Qa2+ 38. Rb2 Qa1 39. f6 Qxc1 40. Rg2 Qg5 41. Qxg5 hxg5 42. fxe7 Bxe7 43. Bxe8 Kf8 44. Bxc6 bxc6 45. Ra2 1-0

[Event "Early-Titled-Tuesday-Blitz-April-23-2024"]
[Site "Chess.com"]
[Date "2024.04.23"]
[Round "2"]
[White "LeoLV10"]
[Black "Ariadna_Atreides"]
[Result "1-0"]
[WhiteElo "2512"]
[BlackElo "2239"]
[TimeControl "180+1"]
[EndTime "8:17:56 PDT"]
[Termination "LeoLV10 won on time"]

1. e4 c6 2. d4 d5 3. e5 Bf5 4.
h4 h5 5. Bd3 Bxd3 6. Qxd3 Qa5+ 7. Nd2 e6 8. Nf3 Nh6 9. O-O Qa6 10. c4 Nf5 11. b3 Nd7 12. a4 Rd8 13. Qc2 dxc4 14.
bxc4 Nb6 15. Bb2 Bb4 16. a5 Nc8 17. Ne4 Be7 18. g3 O-O 19. Kg2 c5 20. d5 exd5 21. cxd5 Rxd5 22. Nc3 Nd4 23. Qe4 Rdd8 24. Nxd4 Rxd4 25.
Qe3 Qc6+ 26. Kh2 Rb4 27. Rab1 Bxh4 28. Ne2 Be7 29. Nf4 h4 30. Bc3 Rxb1 31. Rxb1 hxg3+ 32. Qxg3 b6 33. Rg1 g6 34. e6 g5 35.
Nh3 Bd6 36. f4 f6 37. Nxg5 Bxf4 38. Qxf4 Qd6 39. Ne4+ 1-0

[Event "Early-Titled-Tuesday-Blitz-April-23-2024"]
[Site "Chess.com"]
[Date "2024.04.23"]
[Round "2"]
[White "AccioChess"]
[Black "M1711"]
[Result "1-0"]
[WhiteElo "2458"]
[BlackElo "2687"]
[TimeControl "180+1"]
[EndTime "8:17:57 PDT"]
[Termination "AccioChess won on time"]

1. e4 c6 2. d4 d5 3. e5 Bf5 4.
Nf3 e6 5. Be2 Ne7 6. O-O Nd7 7.
Nbd2 c5 8. dxc5 Nc6 9. Bb5 Bxc5 10. Nb3 Be7 11. Nfd4 Nxd4 12. Nxd4 Bg6 13. Bf4 O-O 14. Bxd7 Qxd7 15. c3 Rfc8 16. Re1 b5 17. a3 a5 18. Bd2 Bc5 19. h4 h6 20. h5 Bh7 21. Qg4 Kh8 22. Nf3 Bf8 23. Be3 b4 24. axb4 axb4 25. Rxa8 Rxa8 26. Bd4 bxc3 27. bxc3 Qb5 28. Qf4 Kg8 29.
g4 Be4 30. Nd2 Bh7 31. g5 hxg5 32. Qxg5 Kh8 33. Nf3 Qd3 34. Qf4 Qf5 35. Qxf5 Bxf5 36. Ng5 Kg8 37. Kg2 Be7 38. Nh3 Be4+ 39. f3 Ra2+ 40.
Kg3 Bf5 41. Nf4 Bg5 42. Rh1 1-0

[Event "Early-Titled-Tuesday-Blitz-April-23-2024"]
[Site "Chess.com"]
[Date "2024.04.23"]
[Round "2"]
[White "Kildepiotr"]
[Black "David_George21"]
[Result "1-0"]
[WhiteElo "2701"]
[BlackElo "2319"]
[TimeControl "180+1"]
[EndTime "8:17:59 PDT"]
[Termination "Kildepiotr won by checkmate"]

1. Nf3 c5 2. e4 d6 3. Bb5+ Nd7 4. c3 a6 5. Ba4 Nf6 6. Bc2 c4 7. b3 b5 8. bxc4 bxc4 9. Na3 Qc7 10. Qe2 Nb6 11. O-O g6 12. Rb1 Bg7 13. Rb4 a5 14. Rb1 O-O 15. Nb5 Qd8 16. Ba3 Nfd7 17. h4 h5 18.
Nbd4 Bb7 19. Ng5 Rb8 20. Rb5 Ra8 21. Rfb1 Ba6 22. Rxa5 Qc7 23. Bb4 Ne5 24. a4 Nd3 25. Nb5 Qd8 26. Nf3 Nxb4 27. cxb4 d5 28. e5 d4 29. Be4 d3 30. Qe3 Nd5 31. Qc5 e6 32. Qxc4 Rc8 33. Qxd3 Bb7 34. Nd6 Nxb4 35. Rxb4 Bxe4 36.
Qxe4 Qxa5 37. Nxc8 Rxc8 38. Rb7 Rc1+ 39. Kh2 Qc5 40. Qf4 Qxf2 41. Qxf7+ Kh7 42. Qxg7# 1-0

[Event "Early-Titled-Tuesday-Blitz-April-23-2024"]
[Site "Chess.com"]
[Date "2024.04.23"]
[Round "2"]
[White "zurzan"]
[Black "Susal_De_Silva"]
[Result "0-1"]
[WhiteElo "2110"]
[BlackElo "2679"]
[TimeControl "180+1"]
[EndTime "8:17:59 PDT"]
[Termination "Susal_De_Silva won by resignation"]

1. c4 e5 2. g3 Nf6 3. Bg2 d5 4. cxd5 Nxd5 5. Nc3 Nb6 6. Nf3 Nc6 7. O-O Be7 8. d3 O-O 9. a3 a5 10. h3 Be6 11. Be3 f5 12. Rc1 f4 13. Bxb6 cxb6 14. Nd2 fxg3 15. fxg3 Bg5 16. Nce4 Be3+ 17. Kh2 Nd4 18.
Rxf8+ Qxf8 19. Nf3 Nxf3+ 20. Bxf3 Bxc1 21. Qxc1 Rc8 22. Qe3 Qf5 23. Bg4 Qg6 24. Nd6 Rf8 25.
Bxe6+ Qxe6 26. Nc4 Rf5 27. Nxb6 Qc6 28. Nc4 Rf1 29. Qe4 Qxe4 30. dxe4 Rf2+ 31. Kg1 Rxe2 32. Nxa5 Rxb2 33. Nc4 Re2 34. Nd6 Re3 35. Kf2 Rb3 36.
a4 Rb4 37. a5 Kf8 38. Ke3 Ke7 39. Nf5+ Kf6 40. Nd6 Ke6 41. Nf5 g6 42. Nh4 Ra4 43.
Nf3 Kf6 44. g4 Rxa5 45. g5+ Ke6 46. h4 Ra3+ 47. Kf2 Rxf3+ 48. Kxf3 Kd6 49. Ke3 Kc5 50. Kd3 Kb4 51. Kd2 Kc4 52. Ke3 b5 0-1

[Event "Early-Titled-Tuesday-Blitz-April-23-2024"]
[Site "Chess.com"]
[Date "2024.04.23"]
[Round "2"]
[White "MatyChess1"]
[Black "VirtualCoach"]
[Result "1-0"]
[WhiteElo "2675"]
[BlackElo "2004"]
[TimeControl "180+1"]
[EndTime "8:18:00 PDT"]
[Termination "MatyChess1 won by resignation"]

1. Nf3 Nf6 2. b3 g6 3. Bb2 Bg7 4. g3 O-O 5. Bg2 d6 6. d4 Nbd7 7. O-O Re8 8. a4 c6 9. a5 Qc7 10. Nbd2 e5 11. dxe5 dxe5 12. e4 h6 13. Re1 g5 14.
Nc4 Nh7 15. h4 g4 16. Nh2 Ndf6 17. Qd6 Qxd6 18. Nxd6 Re6 19. Rad1 Bf8 20. Nc4 Bb4 21. Re3 h5 22. Red3 Nd7 23. Rxd7 Bxd7 24. Rxd7 Rae8 25.
Rxb7 Bc5 26. Nf1 Nf6 27. Nfe3 R8e7 28. a6 Re8 29. Nf5 Nh7 30. b4 Bf8 31. f3 Nf6 32. Bc3 c5 33. b5 Rc8 34. Kf1 Ne8 35. Bxe5 f6 36. Bf4 Rd8 37. Ke2 Nd6 38. Ncxd6 Bxd6 39.
Bxd6 Rdxd6 40. Nxd6 Rxd6 41. fxg4 1-0

[Event "Early-Titled-Tuesday-Blitz-April-23-2024"]
[Site "Chess.com"]
[Date "2024.04.23"]
[Round "2"]
[White "MikeSailer"]
[Black "King_Deded4d5"]
[Result "0-1"]
[WhiteElo "2174"]
[BlackElo "2484"]
[TimeControl "180+1"]
[EndTime "8:18:00 PDT"]
[Termination "King_Deded4d5 won by resignation"]

1. b4 d5 2. Bb2 Bf5 3. g3 e6 4.
Bg2 Nf6 5. a3 Be7 6. Nf3 O-O 7.
O-O Nbd7 8. d3 a5 9. b5 Nc5 10. a4 Nfd7 11. Nbd2 Bf6 12. Bxf6 Qxf6 13. c4 Nb6 14.
Qc2 d4 15. Nh4 Bg4 16. Rfe1 Rad8 17. Ne4 Nxe4 18. Bxe4 Nd7 19. Bxb7 Nc5 20. Bf3 Bxf3 21. Nxf3 e5 22. Nd2 h5 23. Ne4 Nxe4 24. dxe4 h4 25. Qd3 h3 26. Qf3 Qxf3 27. exf3 d3 28. Red1 Rd4 29. Rac1 Rfd8 30. Rd2 g6 31. Rc3 f5 32.
exf5 gxf5 33. Kf1 Kf7 34. Ke1 Ke6 35. Rb2 e4 36. fxe4 fxe4 37. Kd2 Rf8 38. Ke3 Ke5 39. f4+ exf3 40. Kf2 d2 0-1

[Event "Early-Titled-Tuesday-Blitz-April-23-2024"]
[Site "Chess.com"]
[Date "2024.04.23"]
[Round "2"]
[White "Shankland"]
[Black "ITheOnlyME"]
[Result "1-0"]
[WhiteElo "3052"]
[BlackElo "2447"]
[TimeControl "180+1"]
[EndTime "8:18:02 PDT"]
[Termination "Shankland won by resignation"]

1. e4 c5 2. Nf3 g6 3. d4 cxd4 4. Nxd4 Bg7 5. c4 Nc6 6. Be3 Nf6 7. Nc3 O-O 8. Be2 d6 9. O-O Bd7 10. Nc2 a5 11. Rc1 Nb4 12. Nd4 Nc6 13. Ndb5 Ne8 14.
Qd2 Qc8 15. Nd5 Be6 16. Nb6 Qd8 17. Nxa8 Qxa8 18. b3 Nf6 19. f3 Nd7 20. Rfd1 Nc5 21.
Nd4 Rc8 22. Nxc6 Rxc6 23. Bd4 Bxd4+ 24. Qxd4 Qc8 25. Qe3 Na6 26. Rd2 b5 27. Qc3 a4 28.
Qa5 axb3 29. axb3 bxc4 30. Rdc2 Nc5 31. Bxc4 Bxc4 32. Rxc4 Ra6 33. Qc3 Ra3 34. Qb2 Qa6 35. b4 Ra2 36. Qc3 Ra3 37. Qd4 e5 38. Qd5 Nd3 39. h4 Qa7+ 40. Kh2 Qf2 41. R4c2 Qxh4+ 42. Kg1 Nxc1 43. Qxd6 Qe1+ 44. Kh2 Qh4+ 45. Kg1 Ne2+ 46. Kf1 Qh1+ 47. Kf2 Qxg2+ 48. Kxg2 1-0

[Event "Early-Titled-Tuesday-Blitz-April-23-2024"]
[Site "Chess.com"]
[Date "2024.04.23"]
[Round "2"]
[White "Aleksandar-Topalov"]
[Black "Hamisandwich"]
[Result "0-1"]
[WhiteElo "2376"]
[BlackElo "2724"]
[TimeControl "180+1"]
[EndTime "8:18:03 PDT"]
[Termination "Hamisandwich won by resignation"]

1. b3 c5 2. Bb2 Nc6 3. Nf3 d6 4. d4 cxd4 5. Nxd4 Nf6 6. c4 Qa5+ 7. Qd2 Qxd2+ 8. Nxd2 Bd7 9. e3 a6 10. Be2 Ne5 11.
O-O g6 12. Rac1 Rc8 13. h3 Bg7 14. f4 Nc6 15. Nxc6 Bxc6 16. Bf3 O-O 17. Bd4 Bxf3 18. Nxf3 Ne4 19. Bxg7 Kxg7 20. Rfd1 Rc5 21. Rd4 f5 22. Nd2 Nxd2 23. Rxd2 b5 24. Rdc2 Rfc8 25. Kf2 d5 26.
Ke2 dxc4 27. bxc4 bxc4 28. Rd2 Kf6 29. Rd7 Ra5 30. Rc2 Ra3 31. Rb7 Rc6 32. Rb4 Re6 33.
Rbxc4 Raxe3+ 34. Kf2 Ra3 35. Rc6 Kf7 36. Rxe6 Kxe6 37. Ke2 Kd5 38. Kf2 a5 39. Re2 e6 40.
Rc2 a4 41. g3 Rd3 42. h4 a3 43.
Kg2 Kd4 44. Re2 Re3 45. Rd2+ Kc3 46. Rf2 Rd3 47. Kh3 Rd2 48. Rf3+ Kb2 49. Re3 Kxa2 50. Rxe6 Kb1 0-1

[Event "Early-Titled-Tuesday-Blitz-April-23-2024"]
[Site "Chess.com"]
[Date "2024.04.23"]
[Round "2"]
[White "NM_Antelacus"]
[Black "amanjazu"]
[Result "0-1"]
[WhiteElo "2271"]
[BlackElo "2529"]
[TimeControl "180+1"]
[EndTime "8:18:03 PDT"]
[Termination "amanjazu won on time"]

1. e4 Nf6 2. e5 Nd5 3. d4 d6 4. Nf3 g6 5. Bc4 Nb6 6. Bb3 Bg7 7. O-O O-O 8. exd6 cxd6 9. c3 Nc6 10. Bg5 h6 11. Bh4 Qc7 12. Nbd2 e5 13. Bg3 Bg4 14. h3 Bh5 15. Rc1 Kh8 16. Bh2 f5 17. Qc2 Rae8 18.
Nh4 Qd8 19. Nhf3 e4 20. Ne1 Be2 21. Nc4 Bxc4 22. Bxc4 Nxc4 23. b3 Nb6 24. a4 d5 25.
b4 f4 26. a5 Nc4 27. Qa4 Qg5 28. Nc2 Ne7 29. b5 Nf5 30. Kh1 Nh4 31. Rg1 Qf5 32.
Nb4 e3 33. fxe3 Nxe3 34. Qb3 f3 35. g4 Qe4 36. Qb1 f2+ 37. Qxe4 fxg1=Q+ 38. Bxg1 Rxe4 39. Bxe3 Rxe3 40. Nxd5 Rxh3+ 41. Kg1 Rg3+ 42. Kh1 Rf2 43. Ne7 Nf3 44. Nxg6+ Kh7 0-1

[Event "Early-Titled-Tuesday-Blitz-April-23-2024"]
[Site "Chess.com"]
[Date "2024.04.23"]
[Round "2"]
[White "jk13"]
[Black "BozeKat"]
[Result "1-0"]
[WhiteElo "2677"]
[BlackElo "2099"]
[TimeControl "180+1"]
[EndTime "8:18:04 PDT"]
[Termination "jk13 won by resignation"]

1. e4 c5 2. c3 d5 3. exd5 Qxd5 4. d4 Nf6 5. Nf3 e6 6. Na3 cxd4 7. Nb5 Na6 8. Qxd4 Qxd4 9. Nfxd4 Be7 10. Be2 O-O 11. O-O Bd7 12. Re1 Rfd8 13. Bf3 Nc5 14.
Bg5 a6 15. Na3 h6 16. Bh4 Nd3 17. Re2 Nf4 18. Rd2 Bxa3 19. bxa3 Bc6 20. Bxc6 bxc6 21. Rad1 Rab8 22. Bg3 e5 23. Bxf4 exf4 24. f3 c5 25. Nb3 Rxd2 26. Rxd2 c4 27. Na5 Rb5 28.
Nxc4 Rc5 29. Rd4 Nd5 30. Kf1 g5 31. Ke1 Nxc3 32. Kd2 Nxa2 33. Kc2 a5 34. Kb2 Nc1 35. Kxc1 Kf8 36. Kc2 Ke7 37. Kd3 Ke6 38. Rd6+ Ke7 39.
Rxh6 Rb5 40. h4 Rb3+ 41. Kd4 Rb1 42. hxg5 Rg1 43. Rh4 Rxg2 44. Rxf4 Rxg5 45. Re4+ Kd7 46. Re5 Rg6 47. Rxa5 Rg3 48. Rf5 Rg7 49. Rxf7+ Rxf7 50. Ne5+ Ke6 51. Nxf7 Kxf7 1-0

[Event "Early-Titled-Tuesday-Blitz-April-23-2024"]
[Site "Chess.com"]
[Date "2024.04.23"]
[Round "2"]
[White "only_strong_moves"]
[Black "Rdeux42"]
[Result "1/2-1/2"]
[WhiteElo "2712"]
[BlackElo "2410"]
[TimeControl "180+1"]
[EndTime "8:18:04 PDT"]
[Termination "Game drawn by repetition"]

1. d4 d5 2. c4 e6 3. Nc3 c5 4. cxd5 exd5 5. Nf3 Nc6 6. Bf4 Nf6 7. e3 c4 8. Be2 Bb4 9. O-O Bf5 10. Nb5 O-O 11. a3 Be7 12. Nc3 a6 13. Ne5 Ne4 14. Nxe4 Bxe4 15.
Nxc6 bxc6 16. b3 cxb3 17. Qxb3 Bd6 18. Bxd6 Qxd6 19. Rac1 Rfb8 20. Qa4 Rb6 21. Rc5 h5 22. Rfc1 Rab8 23. f3 Bg6 24. Rxc6 Rxc6 25. Qxc6 Qxa3 26. Rc3 Qa2 27. Bf1 Kh7 28. Qxa6 Qd2 29. Qa1 Rb1 30.
Qa3 Qe2 31. Rc1 Rxc1 32. Qxc1 Qa2 33. h4 f6 34. Qe1 Qc2 35. Kh2 Bd3 36. Bxd3+ Qxd3 37.
Qf2 Qf5 38. Qg3 Qd3 39. Qf4 Kg6 40. Kh3 Qf1 41. Kh2 Qd3 42. g4 Qe2+ 43. Kh3 Qf1+ 44. Kh2 Qf2+ 45. Kh3 Qf1+ 46. Kg3 Qg1+ 47. Kh3 Qh1+ 48.
Kg3 Qg1+ 49. Kh3 Qh1+ 50. Kg3 Qg1+ 1/2-1/2

[Event "Early-Titled-Tuesday-Blitz-April-23-2024"]
[Site "Chess.com"]
[Date "2024.04.23"]
[Round "2"]
[White "nekotyanof"]
[Black "Jospem"]
[Result "0-1"]
[WhiteElo "2659"]
[BlackElo "3086"]
[TimeControl "180+1"]
[EndTime "8:18:05 PDT"]
[Termination "Jospem won by resignation"]

1. e4 c5 2. d4 cxd4 3. Qxd4 Nc6 4. Qd3 d6 5. Nc3 g6 6. Nf3 Bg7 7. Be2 Nf6 8. O-O Bg4 9. Nd5 Bxf3 10. Bxf3 O-O 11. c3 Nd7 12. Bg5 Re8 13. Qe3 Rc8 14.
Bd1 Nde5 15. Bb3 h6 16. Bh4 g5 17. Bg3 e6 18. Nb4 Nxb4 19. cxb4 Qb6 20. Qxb6 axb6 21.
Rad1 Red8 22. f3 b5 23. Rf2 Nc4 24. Bxc4 bxc4 25. b3 cxb3 26. axb3 d5 27. Rfd2 Bc3 28. Rd3 d4 29. b5 Rc5 30. b6 e5 31. h4 f6 32. hxg5 hxg5 33. Kh2 Rd6 34. Kh3 Kf7 35. Kg4 Ke6 36. Bf2 Rxb6 37. g3 Rxb3 38. f4 gxf4 39.
gxf4 Rb2 40. f5+ Kf7 41. Bh4 Rc8 42. Kf3 Rh8 43. Bg3 Rg8 44. Ra1 Rh8 45. Ra7 Rh1 46. Kg4 Rg1 47. Kh3 Rh1+ 48. Kg4 Rc1 49. Ra8 Rd2 50.
Rf3 Re2 51. Bh4 Rxe4+ 52. Kg3 Rg1+ 53. Kh2 Rg8 54. Rxg8 Kxg8 55. Bg3 Kf7 0-1

[Event "Early-Titled-Tuesday-Blitz-April-23-2024"]
[Site "Chess.com"]
[Date "2024.04.23"]
[Round "2"]
[White "Nf3c5"]
[Black "Grischuk"]
[Result "0-1"]
[WhiteElo "2653"]
[BlackElo "3073"]
[TimeControl "180+1"]
[EndTime "8:18:05 PDT"]
[Termination "Grischuk won on time"]

1. e4 e5 2. Nf3 Nc6 3. Nc3 Nf6 4. h3 a5 5. a3 Bc5 6. Nxe5 Nxe5 7. d4 Bd6 8. dxe5 Bxe5 9. Bd3 O-O 10. O-O Re8 11. Nb5 c6 12. f4 Bb8 13. Nc3 d6 14. Qf3 Nd7 15. Be3 Ba7 16. Bxa7 Rxa7 17. Kh1 Nc5 18. Rad1 Qe7 19. Rfe1 b5 20. b4 axb4 21. axb4 Nxd3 22. Rxd3 d5 23. Qf2 Rd7 24. Qc5 Qxc5 25. bxc5 Rde7 26.
Rd4 Bf5 27. e5 Bxc2 28. Ra1 f6 29. Ra6 fxe5 30. fxe5 Rc7 31. Rd2 Bg6 32. Na2 Rxe5 33. Nb4 Be8 34. Ra8 h6 35. Rd8 Kh7 36. Rd6 Re4 37.
Na6 Rc8 38. Rf2 Ra4 39. Rf8 Rxa6 40. Re6 Bd7 0-1

[Event "Early-Titled-Tuesday-Blitz-April-23-2024"]
[Site "Chess.com"]
[Date "2024.04.23"]
[Round "2"]
[White "WiktoriaPOL"]
[Black "Incognito_Knight"]
[Result "0-1"]
[WhiteElo "2408"]
[BlackElo "2735"]
[TimeControl "180+1"]
[EndTime "8:18:05 PDT"]
[Termination "Incognito_Knight won on time"]

1. c4 e6 2. Nc3 d5 3. cxd5 exd5 4. d4 c6 5. Nf3 Bf5 6. Bf4 Bd6 7. Bg3 Nf6 8. e3 O-O 9. Bd3 Bxd3 10. Qxd3 a5 11. Ne5 Qe7 12. O-O Nh5 13. Nf3 Nxg3 14. hxg3 Nd7 15. a3 a4 16. e4 dxe4 17. Nxe4 Nf6 18.
Nxf6+ Qxf6 19. d5 cxd5 20. Qxd5 b6 21. Qb5 Bc5 22. Rad1 g6 23. Rd7 Rfd8 24. Rxd8+ Rxd8 25. Qxa4 Qxb2 26. Qh4 Re8 27. Ng5 Qg7 28. Ne4 Be7 29.
Qf4 f5 30. Nd6 Rf8 31. Qc4+ Kh8 32. Nb5 Bc5 33. Rd1 Qf7 34. Qxf7 Rxf7 35. Rd8+ Kg7 36. Rd2 Re7 37. Kf1 h5 38. Re2 Rd7 39. Rc2 Rd3 40.
a4 Rd1+ 41. Ke2 Ra1 0-1

[Event "Early-Titled-Tuesday-Blitz-April-23-2024"]
[Site "Chess.com"]
[Date "2024.04.23"]
[Round "2"]
[White "oggy1984"]
[Black "Zavgorodniy_Sergiy"]
[Result "0-1"]
[WhiteElo "2362"]
[BlackElo "2615"]
[TimeControl "180+1"]
[EndTime "8:18:05 PDT"]
[Termination "Zavgorodniy_Sergiy won on time"]

1. e4 c5 2. Nf3 Nc6 3. d4 cxd4 4. Nxd4 g6 5. Be3 Bg7 6. Nc3 Nf6 7. Bc4 Na5 8. Bb3 Nxb3 9. axb3 O-O 10. e5 Ne8 11. f4 d6 12. Nf3 Bg4 13. O-O a6 14. Nd5 dxe5 15. Bb6 Qd7 16. h3 Be6 17. Ra5 Bxd5 18.
Rxd5 Qc6 19. Be3 exf4 20. Bxf4 Nf6 21. Rd3 Rac8 22. c4 Ne4 23. Kh2 Nc5 24. Re3 Rfd8 25.
Qe2 Ne6 26. Be5 Bh6 27. Re4 Qd7 28. Bc3 Nf4 29. Qf2 f6 30. Qh4 Qd6 31. g3 Nh5 32. Rfe1 e5 33. g4 Bf4+ 34. Kg2 Ng3 35. Rxf4 exf4 36. Bxf6 Re8 0-1

[Event "Early-Titled-Tuesday-Blitz-April-23-2024"]
[Site "Chess.com"]
[Date "2024.04.23"]
[Round "2"]
[White "Lady_Nika"]
[Black "Aragon"]
[Result "1-0"]
[WhiteElo "2473"]
[BlackElo "2088"]
[TimeControl "180+1"]
[EndTime "8:18:05 PDT"]
[Termination "Lady_Nika won on time"]

1. g4 c6 2. h3 d5 3. Bg2 e5 4. d3 f5 5. gxf5 Bxf5 6. e4 dxe4 7. dxe4 Qxd1+ 8. Kxd1 Be6 9. Nf3 Nd7 10. b3 Bc5 11. Ke2 Nh6 12. Bb2 O-O 13. Rf1 Rae8 14. Ng5 Bf7 15. Nxf7 Rxf7 16. Nd2 Rf4 17. f3 Nf7 18. Nc4 Ng5 19. Bc1 Ne6 20. c3 Rf6 21. b4 Bf8 22. Be3 Nf4+ 23. Kf2 b5 24. Na5 Nb6 25.
Rad1 Na4 26. Bxf4 Rxf4 27. Rd3 c5 28. a3 Be7 29. Rb1 Rf7 30. c4 a6 31. cxb5 axb5 32. bxc5 Bxc5+ 33. Kf1 Rb8 34. Nc6 Rbb7 35. Nxe5 Rf8 36. Nd7 Rc8 37. Nxc5 Rxc5 38. Rdb3 Nc3 39.
Rc1 Nxe4 40. Rxc5 Nd2+ 41. Ke2 Nxb3 42. Rc3 Nd4+ 43. Ke3 Ne6 44. f4 Rb6 45. f5 Nf8 46. Bd5+ Kh8 47. Rc8 Rf6 48. Ke4 h6 49. Rb8 Kh7 50.
Rxb5 Nd7 51. Be6 Nf8 52. Ke5 h5 53. Rb8 1-0

[Event "Early-Titled-Tuesday-Blitz-April-23-2024"]
[Site "Chess.com"]
[Date "2024.04.23"]
[Round "2"]
[White "DinaBelenkaya"]
[Black "lamomiajunior"]
[Result "0-1"]
[WhiteElo "2421"]
[BlackElo "2736"]
[TimeControl "180+1"]
[EndTime "8:18:07 PDT"]
[Termination "lamomiajunior won by checkmate"]

1. e4 c5 2. Nc3 d6 3. Nf3 a6 4.
g3 Nf6 5. Bg2 g6 6. O-O Bg7 7.
a4 O-O 8. d3 Nc6 9. Be3 Bg4 10.
h3 Bxf3 11. Qxf3 Nd7 12. Qg4 Rb8 13. Qh4 e6 14. Bg5 Bf6 15. f4 Nd4 16. Rf2 b5 17. axb5 axb5 18. e5 dxe5 19. Ne4 Bxg5 20. Nxg5 h5 21.
g4 exf4 22. c3 f6 23. Ne4 Nc6 24. gxh5 g5 25. Qg4 Nce5 26. Qe2 f5 27. Nd6 Qe7 28. Ra6 c4 29. d4 Nd3 30. Rf1 Nf6 31. Nxf5 Qd7 32.
Rxe6 Rbe8 33. Ne7+ Kf7 34. Ng6 Rxe6 35. Nxf8 Rxe2 36. Nxd7 Nxd7 37. Bd5+ Kg7 38. Bc6 Nf6 39. Bxb5 Nxh5 40. Bxc4 Rd2 41. Bxd3 Rxd3 42. Rb1 Ng3 43. Rc1 Rd2 44. Rb1 f3 45. b4 Rg2# 0-1

[Event "Early-Titled-Tuesday-Blitz-April-23-2024"]
[Site "Chess.com"]
[Date "2024.04.23"]
[Round "2"]
[White "Arteler"]
[Black "ajedrezsinlimites"]
[Result "1/2-1/2"]
[WhiteElo "2355"]
[BlackElo "2560"]
[TimeControl "180+1"]
[EndTime "8:18:07 PDT"]
[Termination "Game drawn by repetition"]

1. e4 d6 2. d4 c6 3. Nf3 g6 4.
Nc3 Bg7 5. Bc4 e6 6. Be3 d5 7.
Bd3 dxe4 8. Nxe4 Nf6 9. Nxf6+ Bxf6 10. Bh6 Nd7 11. Qd2 Nb6 12. c3 Qd5 13. O-O Bd7 14. Rfe1 O-O-O 15. Ne5 Be8 16. Bg5 Bxg5 17. Qxg5 Nd7 18.
Qf4 Nxe5 19. Rxe5 Qd6 20. Rae1 Rf8 21. Qf6 Bd7 22. Bc4 Rde8 23. Bb3 Qe7 24. Qf3 Qd8 25. c4 Qc7 26. h3 a6 27. Qe4 Kb8 28. d5 exd5 29.
Rxe8+ Rxe8 30. Qb1 Rxe1+ 31. Qxe1 dxc4 32. Bxc4 Bf5 33.
Qe8+ Ka7 34. Qxf7 Qf4 35. g3 Qc1+ 36. Kg2 Be4+ 37. f3 Qd2+ 38. Kg1 Qe3+ 39. Kg2 Qd2+ 40. Kg1 Qe1+ 41. Kg2 Qd2+ 1/2-1/2